Workbook
Name contratación: 'IDENTIFICACION Y ANALISIS'!$B$29:$B$31
Name ejecución: 'IDENTIFICACION Y ANALISIS'!$B$33:$B$36
Name OPCIONES: 'ASIGNACION Y TRATAMIENTO'!$B$37:$B$39
Name planeación: 'IDENTIFICACION Y ANALISIS'!$B$19:$B$23
Name selección: 'IDENTIFICACION Y ANALISIS'!$B$25:$B$27

Sheet CONTEXTO
C2: MATRIZ DE RIESGOS EN CONTRATACIÓN | F2: Código: GCO-GCI-F164 Versión: 02 Vigencia: 01 de diciembre de 2023 Caso HOLA: 280117
B6: ESTABLECER EL CONTEXTO
B7: El punto inicial es identificar el contexto en el cual interactúa la Entidad Estatal para conocer el ambiente social, económico y político, e identificar (i) sus propios Riesgos; (ii) los Riesgos comunes a sus Procesos de Contratación; y (iii) los Riesgos del Proceso de Contratación en particular. (Aplica igual para contratos interadministrativos) En este paso la Entidad Estatal debe identificar los aspectos que se mencionan a continuación y los posibles efectos adversos que estos pueden generar.
B8: Objeto del Proceso de Contratación: “PRESTAR EL SERVICIO DE MANTENIMIENTO Y RECARGA DE EXTINTORES PARA LAS INSTALACIONES DE PROPIEDAD O BAJO TENENCIA DEL FONDO DE DESARROLLO LOCAL DE LA CANDELARIA”
B9: Partícipes del Proceso de Contratación: Agentes externos (Organismos de control, veedurías ciudadanas), agentes internos (supervisores, funcionarios y demás usuarios).
B10: Ciudadanía que se beneficia del Proceso de Contratación: Agentes internos (funcionarios, pasantes) y externos (contratistas, visitantes y usuarios externos en general)
B11: Capacidad de la Entidad Estatal entendida como la disponibilidad de recursos y conocimientos para el Proceso de Contratación: La disponibilidad de la Entidad de sus recursos y el conocimiento de su equipo humano se refleja en los diferentes funcionarios que participarán en las diversas etapas del proceso de selección: participan las áreas que requieren los procesos de contratación (Etapa de Planeación), Dirección de Contratación, Comité Evaluador (Etapa de selección), Dirección de Contratación (Etapa de contratación) y la supervisión y apoyos a la misma (Estapa de Ejecución).
B12: Suficiencia del presupuesto oficial del Proceso de Contratación: De acuerdo al Plan de contratación para la vigencia 2023, se estimaron los recursos necesarios para el desarrollo del proceso de la contratación, el cual tendrá el soporte presupuestal suficiente para su desarrollo.
B13: Condiciones geográficas y de acceso del lugar en el cual se debe cumplir el objeto del Proceso de Contratación: El suministro, obra o servicio se prestará principalmente en las Sedes de la Entidad, o en el lugar indicado en los estudios previos del proceso.
B14: Entorno socio ambiental: Si aplican
B15: Condiciones políticas: Si aplican
B16: Factores ambientales: El oferente debe presentar las fichas técnicas, donde demuestre la proveniencia de los elementos, que debe ser de fuentes sostenibles, de acuerdo con la Ficha de Contratación Sostenible No. 6 – Aseo y cafetería
B17: Sector del objeto del Proceso de Contratación y su mercado: Todos los clientes (entidades privadas, Estatales y Gubernamentales).
... B19: Experiencia propia y de otras Entidades Estatales en Procesos de Contratación del mismo tipo. El fondo de desarrollo local de La Candelaria, en los años anteriores ha venido desarrollando este contrato mediante la celebración de acuerdos marcos de precios. Para los año anteriores, se sucribieron los acuerdos marco 87636 - 2022, 43256 - 2019, 31514- 2018. Para la actual vigencia, EL FDLC pretende realizar la presente contratación mediante un proceso de minima cuantia, de acuerdo al presupuesto destinado.

Sheet IDENTIFICACION Y ANALISIS
C2: MATRIZ DE RIESGOS DE CONTRATACIÓN | F2: Código: GCO-GCI-F164 Versión: 02 Vigencia: 01 de diciembre de 2023 Caso HOLA: 280117
B6: DEFINICIONES
B7: RIESGO: Evento que puede generar efectos adversos y de distinta magnitud en el logro de los objetivos del Proceso de Contratación o en la ejecución de un contrato RIESGOS PREVISIBLES: Son los posibles hechos o circunstancias que por la naturaleza del contrato y de la actividad a ejecutar es factible su ocurrencia. ETAPA DE PLANEACIÓN: Está comprendida desde el momento en que se identifican las necesidades que debe satisfacer la Secretaría Distrital de Gobierno y los Fondos de Desarrollo Local, a través del abastecimiento de bienes, obras o servicios, la elaboración del Plan Anual de Adquisiciones y la estructuración de los documentos y estudios previos. ETAPA DE SELECCIÓN: Está comprendida entre el acto de Apertura del Proceso de Contratación y la Adjudicación o la declaración de desierto del Proceso de Contratación ETAPA DE CONTRATACIÓN: Una vez adjudicado el contrato objeto del Proceso de Contratación, inicia la etapa para la celebración del contrato y el cumplimiento de los requisitos para de perfeccionamiento y ejecución. ETAPA DE EJECUCIÓN: Inicia una vez cumplidos los requisitos previstos para iniciar la ejecución del contrato respectivo y termina con el vencimiento del plazo del contrato o la fecha de liquidación si hay lugar a ella. RIESGO GENERAL: Es un riesgo de todos los procesos de contratación adelantados por la Entidad Estatal, por lo cual está presente en toda su actividad contractual. RIEGO ESPECIFICO: Es un riesgo propio del proceso de contratación objeto de análisis. RIESGOS ECONÓMICOS: Son los derivados del comportamiento del mercado, tales como la fluctuación de los precios de los insumos, desabastecimiento y especulación de los mismos, entre otros. RIESGOS SOCIALES O POLÍTICOS: son los derivados de los cambios de las políticas gubernamentales y de cambios en las condiciones sociales que tengan impacto en la ejecución del contrato. RIESGOS OPERACIONALES: Son los asociados a la operatividad del contrato, tales como la suficiencia del presupuesto oficial, del plazo o los derivados de procesos, procedimientos, parámetros, sistemas de información y tecnológicos, equipos humanos o técnicos inadecuados o insuficientes. RIESGOS FINANCIEROS: Son (i) el riesgo de consecución de financiación o riesgo de liquidez para obtener recursos para cumplir con el objeto del contrato, y (ii) el riesgo de las condiciones financieras establecidas para la obtención de los recursos, tales como plazos, tasas, garantías, contragarantías, y refinanciaciones, entre otros. RIESGOS REGULATORIOS: Derivados de cambios regulatorios o reglamentarios que afecten la ecuación económica del contrato. RIESGOS DE LA NATURALEZA: Son los eventos naturales previsibles en los cuales no hay intervención humana que puedan tener impacto en la ejecución del contrato, por ejemplo los temblores, inundaciones, lluvias, sequías, entre otros. RIESGOS AMBIENTALES: Son los derivados de las obligaciones legales o reglamentarias de carácter ambiental, así como de las licencias, planes de manejo o de permisos y autorizaciones ambientales, incluyendo tasas retributivas y compensatorias, obligaciones de mitigación, tareas de monitoreo y control, entre otras. RIESGOS TECNOLÓGICOS: Son los derivados de fallas en los sistemas de comunicación de voz y de datos, suspensión de servicios públicos, nuevos desarrollos tecnológicos o estándares que deben ser tenidos en cuenta para la ejecución del contrato, obsolescencia tecnológica.
B15: INSTRUCCIONES PARA LA IDENTIFICACIÓN, ANALISIS, EVALUACIÓN , ASIGNACIÓN Y TRATAMIENTO DE RIESGOS EN LA CONTRATACIÓN
C17: ETAPAS | D17: CLASE | E17: FUENTE | F17: TIPO
C18: PLANEACIÓN
A19: 1 | B19: Retraso en la suscripción del contrato | D19: General | E19: Interno | F19: Operacionales
A20: 2 | B20: Demoras en la ejecución del contrato | D20: General | E20: Interno | F20: Operacionales
A21: 3 | B21: Inadecuada evaluación de las ofertas y/o verificación de requisitos habilitantesNo publicación de la documentación del proceso de selección en el SECOP | D21: Especifico | E21: Interno | F21: Operacionales
C24: SELECCIÓN
A25: 4 | B25: Alteraciones al orden público y condiciones climáticas | D25: General | E25: Interno | F25: Operacionales
A26: 5 | B26: Existencia de condiciones climáticas, ambientales, adversas y/o precipitación fuera de lo común que generen retraso, dificultad o imposibilidad de ejecutar actividades en el marco del Contrato | D26: Especifico | E26: Externo | F26: Operacionales
C28: CONTRATACIÓN
A29: 6 | B29: Se presenta cuando el contratista Seleccionado no firma el contrato en el plazo establecido y/o se retrasa en la constitución y presentación de las garantías que amparan el cumplimiento del contrato. | D29: General | E29: Interno | F29: Operacionales
A30: 7 | B30: Riesgo por existencias insuficientes de los componentes, partes o equipos necesarios para dar cumplimiento al objeto contractual | D30: Especifico | E30: Interno | F30: Operacionales
C32: EJECUCIÓN
A33: 8 | B33: Cuando se presentan demoras por parte del contratista en las entregas de productos y/o informes. | D33: General | E33: Externo | F33: Economicos
A34: 9 | B34: Cuando se presentan demoras por parte de la Entidad en las aprobaciones previas de los productos y/o servicios desarrollados por el contratista. | D34: General | E34: Interno | F34: Operacional
A35: 10 | B35: Riesgo por mala calidad de los bienes y servicios suministrados a la entidad para la ejecución del contrato | D35: Especifico | E35: Externo | F35: Operacional
A36: 12
B41: General
B42: Estatal
B43: Especifico
B45: Interno
B46: Externo

Sheet EVALUACION
C2: MATRIZ DE RIESGOS DE CONTRATACIÓN | K2: Código: GCO-GCI-F164 Versión: 02 Vigencia: 01 de diciembre de 2022 Caso HOLA: 280117
B6: Objeto Contractual: “PRESTAR EL SERVICIO DE MANTENIMIENTO Y RECARGA DE EXTINTORES PARA LAS INSTALACIONES DE PROPIEDAD O BAJO TENENCIA DEL FONDO DE DESARROLLO LOCAL DE LA CANDELARIA”
B7: INSTRUCCIONES PARA LA IDENTIFICACIÓN, ANALISIS, EVALUACIÓN , ASIGNACIÓN Y TRATAMIENTO DE RIESGOS EN LA CONTRATACIÓN
B10: CALIFICACIÓN | H10: Cualitativa
B11: ETAPA | C11: Descripción (Que puede pasar y, cómo puede ocurrir) | H11: Consecuencias de la ocurrencia del evento | I11: Probabilidad de Ocurrencia | J11: Impacto | K11: Calificación Total | L11: Prioridad
B12: PLANEACIÓN | C12: Retraso en la suscripción del contrato | H12: Demora en la suscripción y legalización del contrato, así como la afectación en la ejecución de las actividades. | I12: 1 | J12: 1 | K12: =I12+J12 -> 2 | L12: =IF(K12<=4,"BAJO",IF(K12=5,"MEDIO",IF(K12=6,"ALTO",IF(K12=7,"ALTO","EXTREMO")))) -> BAJO
B13: PLANEACIÓN | C13: Demoras en la ejecución del contrato | H13: Atraso en la ejecución de las actividades asociadas al contrato Reprocesos para la entidad | I13: 1 | J13: 2 | K13: =+I13+J13 -> 3 | L13: =IF(K13<=4,"BAJO",IF(K13=5,"MEDIO",IF(K13=6,"ALTO",IF(K13=7,"ALTO","EXTREMO")))) -> BAJO
B14: SELECCIÓN | C14: Inadecuada evaluación de las ofertas y/o verificación de requisitos habilitantesNo publicación de la documentación del proceso de selección en el SECOP | H14: Retraso o incumplimiento de los plazos legales para la publicación de los actos y/o documentos derivados de los procesos contractuales | I14: 2 | J14: 2 | K14: =+I14+J14 -> 4 | L14: =IF(K14<=4,"BAJO",IF(K14=5,"MEDIO",IF(K14=6,"ALTO",IF(K14=7,"ALTO","EXTREMO")))) -> BAJO
B15: SELECCIÓN | C15: Alteraciones al orden público y condiciones climáticas | H15: Demoras en el cumplimiento de las obligaciones del contrato o cancelación de los eventos | I15: 1 | J15: 3 | K15: =+I15+J15 -> 4 | L15: =IF(K15<=4,"BAJO",IF(K15=5,"MEDIO",IF(K15=6,"ALTO",IF(K15=7,"ALTO","EXTREMO")))) -> BAJO
B16: SELECCIÓN | C16: Existencia de condiciones climáticas, ambientales, adversas y/o precipitación fuera de lo común que generen retraso, dificultad o imposibilidad de ejecutar actividades en el marco del Contrato | H16: Posibles retrasos en la ejecución de actividades del contrato | I16: 2 | J16: 4 | K16: =+I16+J16 -> 6 | L16: =IF(K16<=4,"BAJO",IF(K16=5,"MEDIO",IF(K16=6,"ALTO",IF(K16=7,"ALTO","EXTREMO")))) -> ALTO
B17: CONTRATACIÓN | C17: Se presenta cuando el contratista Seleccionado no firma el contrato en el plazo establecido y/o se retrasa en la constitución y presentación de las garantías que amparan el cumplimiento del contrato. | H17: Retraso en el inicio de la ejecución del contrato y afectación en el logro de los objetivos y satisfacción de la necesidad propuesta. | I17: 2 | J17: 3 | K17: =+I17+J17 -> 5 | L17: =IF(K17<=4,"BAJO",IF(K17=5,"MEDIO",IF(K17=6,"ALTO",IF(K17=7,"ALTO","EXTREMO")))) -> MEDIO
B18: CONTRATACIÓN | C18: Riesgo por existencias insuficientes de los componentes, partes o equipos necesarios para dar cumplimiento al objeto contractual | H18: Afecta el cumplimiento de las obligaciones del contratista que puede generar una prórroga, que dada la naturaleza del contrato a celebrar es poco probable pues se requieren insumos de bastante oferta en el mercado | I18: 1 | J18: 3 | K18: =+I18+J18 -> 4 | L18: =IF(K18<=4,"BAJO",IF(K18=5,"MEDIO",IF(K18=6,"ALTO",IF(K18=7,"ALTO","EXTREMO")))) -> BAJO
B19: EJECUCIÓN | C19: Cuando se presentan demoras por parte del contratista en las entregas de productos y/o informes. | H19: Afecta el cumplimiento de las obligaciones del contratista. Puede generar sanciones y prórrogas | I19: 3 | J19: 3 | K19: =+I19+J19 -> 6 | L19: =IF(K19<=4,"BAJO",IF(K19=5,"MEDIO",IF(K19=6,"ALTO",IF(K19=7,"ALTO","EXTREMO")))) -> ALTO
B20: EJECUCIÓN | C20: Cuando se presentan demoras por parte de la Entidad en las aprobaciones previas de los productos y/o servicios desarrollados por el contratista. | H20: Afecta el cumplimiento de las obligaciones del contratante a cargo del Supervisor del contrato, relacionadas con la aprobación de productos y/o informes. Puede generar prórrogas | I20: 2 | J20: 2 | K20: =+I20+J20 -> 4 | L20: =IF(K20<=4,"BAJO",IF(K20=5,"MEDIO",IF(K20=6,"ALTO",IF(K20=7,"ALTO","EXTREMO")))) -> BAJO
B21: EJECUCIÓN | C21: Riesgo por mala calidad de los bienes y servicios suministrados a la entidad para la ejecución del contrato | H21: Afecta el cumplimiento del fin de la contratación. | I21: 3 | J21: 3 | K21: =+I21+J21 -> 6 | L21: =IF(K21<=4,"BAJO",IF(K21=5,"MEDIO",IF(K21=6,"ALTO",IF(K21=7,"ALTO","EXTREMO")))) -> ALTO
B24: Probabilidad | C24: Catagoria | E24: Valoración | G24: Impacto | H24: Categoria | I24: Valoración
C25: Raro (puede ocurrir excepcionalmente) | E25: 1 | H25: Insignificante | I25: 1
C26: Improbable (puede ocurrir ocasionalmente) | E26: 2 | H26: Menor | I26: 2
C27: Posible (puede ocurrir en cualquier momento futuro) | E27: 3 | H27: Moderado | I27: 3
C28: Probable (probablemente va a ocurrir) | E28: 4 | H28: Mayor | I28: 4
C29: Casi cierto (ocurre en la mayoria de circunstancias) | E29: 5 | H29: Catastrófico | I29: 5
C31: Valoración del Riesgo
C32: Calificación Cualitativa | F32: Obstruye la ejecución del contrato de manera intrascendente. | G32: Dificulta la ejecución del contrato de manera baja, aplicando medidas mínimas se pueden lograr el objeto contractual | H32: Afecta la ejecución del contrato sin alterar el beneficio para las partes | I32: Obstruye la ejecución del contrato sustancialmente pero aun así permite la consecución del objeto contractual | K32: Perturba la ejecución del contrato de manera grave imposibilitando la consecución del objeto contractual.
C33: Calificación Monetaria | F33: Los sobrecostos no representan más del uno por ciento (1%) del valor del contrato. | G33: Los sobrecostos no representan más del cinco por ciento (5%) del valor del contrato. | H33: Genera un impacto sobre el valor del contrato entre el cinco (5%) y el quince por ciento (15%). | I33: Incrementa el valor del contrato entre el quince (15%) y el treinta por ciento (30%). | K33: Impacto sobre el valor del contrato en más del treinta por ciento (30%).
C34: Categoría | E34: Valoración | F34: Insignificante | G34: Menor | H34: Moderado | I34: Mayor | K34: Catastrófico
F35: 1 | G35: 2 | H35: 3 | I35: 4 | K35: 5
C36: Raro (puede ocurrir excepcionalmente) | E36: 1 | F36: 2 | G36: 3 | H36: 4 | I36: 5 | K36: 6
C37: Improbable (puede ocurrir ocasionalmente) | E37: 2 | F37: 3 | G37: 4 | H37: 5 | I37: 6 | K37: 7
C38: Posible (puede ocurrir en cualquier momento futuro) | E38: 3 | F38: 4 | G38: 5 | H38: 6 | I38: 7 | K38: 8
C39: Probable (probablemente va a ocurrir) | E39: 4 | F39: 5 | G39: 6 | H39: 7 | I39: 8 | K39: 9
C40: Casi cierto (ocurre en la mayoria de circunstancias) | E40: 5 | F40: 6 | G40: 7 | H40: 8 | I40: 9 | K40: 10
G42: Categoria del Riesgo
G43: Valoración del Riesgo | H43: Categoría
G44: 8, 9 y 10 | H44: Riesgo extremo
G45: 6 y 7 | H45: Riesgo alto
G46: 5 | H46: Riesgo medio
G47: 2, 3 y 4 | H47: Riesgo bajo
B52: Cualitativa
B53: Monetaria

Sheet EVALUACION CON CONTROLES
C2: MATRIZ DE RIESGOS DE CONTRATACIÓN | Q2: Código: GCO-GCI-F164 Versión: 02 Vigencia: 01 de diciembre de 2022 Caso HOLA: 280117
B6: =+EVALUACION!B6 -> Objeto Contractual: “PRESTAR EL SERVICIO DE MANTENIMIENTO Y RECARGA DE EXTINTORES PARA LAS INSTALACIONES DE PROPIEDAD O BAJO TENENCIA DEL FONDO DE DESARROLLO LOCAL DE LA CANDELARIA”
B7: INSTRUCCIONES PARA LA IDENTIFICACIÓN, ANALISIS, EVALUACIÓN , ASIGNACIÓN Y TRATAMIENTO DE RIESGOS EN LA CONTRATACIÓN
B8: 1) Describa el tratamiento/controles a ser implementados
B9: 2) Diligencie la información de las siguientes columnas, de acuerdo con el análisis realizado a cada riesgo: Afecta el equilibrio económico, persona responsable de implementar el tratamiento, fecha estimada de inicio del tratamiento, fecha estimada en la que se completa el tratamiento, cómo se realiza el monitoreo y la periodicidad.
B10: 3) Continúe en la hoja de "ASIGNACIÓN Y TRATAMIENTO" y diligencie las siguientes casillas: A quien se le asigna y el porcentaje que asume cada una de las partes en caso de que sea compartido.
B12: ETAPA | C12: Descripción (Que puede pasar y, cómo puede ocurrir) | G12: Tratamiento/Controles a ser implementados | I12: Probabilidad de Ocurrencia | J12: Impacto | K12: Calificación Total | L12: Prioridad | M12: ¿Afecta el equilibrio económico del contrato? | N12: Persona responsable por implementar el tratamiento | O12: Fecha estimada en que se inicia el tratamiento | P12: Fecha estimada en que se completa el tratamiento | Q12: ¿Cómo se realiza el monitoreo? | R12: Periodicidad ¿Cuándo?
B13: =+EVALUACION!B12 -> PLANEACIÓN | C13: =+EVALUACION!C12 -> Retraso en la suscripción del contrato | G13: ETAPA PLANEACIÓN:Aplicación de los procedimientos de contratación y construir agenda oportuna para la revisión de los mismos y aclaración de dudas. | I13: =+EVALUACION!I12 -> 1 | J13: =+EVALUACION!J12 -> 1 | K13: =+I13+J13 -> 2 | L13: =IF(K13<=4,"BAJO",IF(K13=5,"MEDIO",IF(K13=6,"ALTO",IF(K13=7,"ALTO","EXTREMO")))) -> BAJO | M13: Eventualmente | N13: Grupo Formulación | O13: Inicio etapa precontractual | P13: Finalización etapa precontractual | Q13: Registro en la lista de verificación | R13: Finalizada la etapa de planeación
B14: =+EVALUACION!B13 -> PLANEACIÓN | C14: =+EVALUACION!C13 -> Demoras en la ejecución del contrato | G14: ETAPA PLANEACION: Verificación y seguimiento a las actividades relacionadas con la ejecución del contrato. . Conocimiento de los procesos, aplicativos y funciones de la dependencia. | I14: 3 | J14: 1 | K14: =+I14+J14 -> 4 | L14: =IF(K14<=4,"BAJO",IF(K14=5,"MEDIO",IF(K14=6,"ALTO",IF(K14=7,"ALTO","EXTREMO")))) -> BAJO | M14: No | N14: Grupo de Contratos | O14: Inicio etapa precontractual | P14: Finalización etapa precontractual | Q14: Registro en la lista de verificación | R14: Finalizada la etapa de contratación
B15: =+EVALUACION!B14 -> SELECCIÓN | C15: =+EVALUACION!C14 -> Inadecuada evaluación de las ofertas y/o verificación de requisitos habilitantesNo publicación de la documentación del proceso de selección en el SECOP | G15: ETAPA SELECCION: hacer seguimiento a la publicación de los documentos de forma efectiva y en tiempos | I15: 2 | J15: 2 | K15: =+I15+J15 -> 4 | L15: =IF(K15<=4,"BAJO",IF(K15=5,"MEDIO",IF(K15=6,"ALTO",IF(K15=7,"ALTO","EXTREMO")))) -> BAJO | M15: No | N15: Grupo Formulación | O15: Inicio etapa precontractual | P15: Finalización etapa precontractual | Q15: Registro en la lista de verificación | R15: Finalizada la etapa de ejecución
B16: =+EVALUACION!B15 -> SELECCIÓN | C16: =+EVALUACION!C15 -> Alteraciones al orden público y condiciones climáticas | G16: ETAPA SELECCIÓN: Acordar las medidas con el Supervisor para implementar acciones y las estrategias con el fin de que se ejecuten las actividades exigidas | I16: =+EVALUACION!I15 -> 1 | J16: 2 | K16: =+I16+J16 -> 3 | L16: =IF(K16<=4,"BAJO",IF(K16=5,"MEDIO",IF(K16=6,"ALTO",IF(K16=7,"ALTO","EXTREMO")))) -> BAJO | M16: No | N16: Grupo de Contratos | O16: Inicio etapa precontractual | P16: Finalización etapa precontractual | Q16: Registro en la lista de verificación | R16: Finalizada la etapa de ejecución
B17: =+EVALUACION!B16 -> SELECCIÓN | C17: =+EVALUACION!C16 -> Existencia de condiciones climáticas, ambientales, adversas y/o precipitación fuera de lo común que generen retraso, dificultad o imposibilidad de ejecutar actividades en el marco del Contrato | G17: ETAPA SELECCIÓN Reprogramación o suspensiones en el evento de imposibilidad de la Ejecución. Implementación de carpas o elementos o sistemas cubiertos que permitan y garanticen la ejecución de actividades bajo "techo", sin que ello genere mayores costos | I17: 1 | J17: 2 | K17: =+I17+J17 -> 3 | L17: =IF(K17<=4,"BAJO",IF(K17=5,"MEDIO",IF(K17=6,"ALTO",IF(K17=7,"ALTO","EXTREMO")))) -> BAJO | M17: No | N17: Grupo Contratos | O17: Inicio etapa precontractual | P17: Finalización etapa precontractual | Q17: Registro en la lista de verificación | R17: Finalizada la etapa de ejecución
B18: =+EVALUACION!B17 -> CONTRATACIÓN | C18: =+EVALUACION!C17 -> Se presenta cuando el contratista Seleccionado no firma el contrato en el plazo establecido y/o se retrasa en la constitución y presentación de las garantías que amparan el cumplimiento del contrato. | G18: ETAPA EJECUCIÓN: Revisión y aprobación oportuna de la documentación inherente a los productos e informes del contrato. | I18: 2 | J18: 2 | K18: =+I18+J18 -> 4 | L18: =IF(K18<=4,"BAJO",IF(K18=5,"MEDIO",IF(K18=6,"ALTO",IF(K18=7,"ALTO","EXTREMO")))) -> BAJO | M18: No | N18: Supervisor del contrato | O18: Ejecución contractual | P18: Finalización etapa ejecución | Q18: Registro en la lista de verificación | R18: Finalizada la etapa de ejecución
B19: =+EVALUACION!B18 -> CONTRATACIÓN | C19: =+EVALUACION!C18 -> Riesgo por existencias insuficientes de los componentes, partes o equipos necesarios para dar cumplimiento al objeto contractual | G19: ETAPA CONTRATACION: Aplicación de controles, el supervisor del contrato verificará al inicio de la ejecución contractual que el contratista cuente con los elementos requeridos para la ejecución del contrato. | I19: 1 | J19: 2 | K19: =+I19+J19 -> 3 | L19: =IF(K19<=4,"BAJO",IF(K19=5,"MEDIO",IF(K19=6,"ALTO",IF(K19=7,"ALTO","EXTREMO")))) -> BAJO | M19: No | N19: Supervisor del contrato | O19: Ejecución Contractual | P19: Liquidación del contrato | Q19: Registro en la lista de verificación | R19: Finalizada la etapa de ejecución
B20: =+EVALUACION!B19 -> EJECUCIÓN | C20: =+EVALUACION!C19 -> Cuando se presentan demoras por parte del contratista en las entregas de productos y/o informes. | G20: ETAPA EJECUCION: Aplicación inmediata de los procedimientos para evitar la paralización del contrato y en caso de ser procedente la aplicación de las sanciones correspondientes | I20: 2 | J20: 3 | K20: =+I20+J20 -> 5 | L20: =IF(K20<=4,"BAJO",IF(K20=5,"MEDIO",IF(K20=6,"ALTO",IF(K20=7,"ALTO","EXTREMO")))) -> MEDIO | M20: No | N20: Supervisor del contrato | O20: Ejecución contractual | P20: Finalización etapa de ejecución | Q20: Registro en la lista de verificación | R20: Finalizada la etapa de ejecución
B21: =+EVALUACION!B20 -> EJECUCIÓN | C21: =+EVALUACION!C20 -> Cuando se presentan demoras por parte de la Entidad en las aprobaciones previas de los productos y/o servicios desarrollados por el contratista. | G21: ETAPA EJECUCIÓN: Revisión y aprobación oportuna de la documentación inherente a los productos e informes del contrato. | I21: 2 | J21: 2 | K21: =+I21+J21 -> 4 | L21: =IF(K21<=4,"BAJO",IF(K21=5,"MEDIO",IF(K21=6,"ALTO",IF(K21=7,"ALTO","EXTREMO")))) -> BAJO | M21: No | N21: Supervisor del contrato | O21: Ejecución contractual | P21: Finalización etapa ejecución | Q21: Registro en la lista de verificación | R21: Finalizada la etapa de ejecución
B22: =+EVALUACION!B21 -> EJECUCIÓN | C22: =+EVALUACION!C21 -> Riesgo por mala calidad de los bienes y servicios suministrados a la entidad para la ejecución del contrato | G22: ETAPA CONTRATACION: Aplicación de control por el supervisor durante la ejecución del contrato, para verificar la calidad y certificado del quimico original. Verificar que el contratista deberá realizar bajo las normas Técnicas NFPA 10 y la norma Técnica Colombiana NTC. | I22: 2 | J22: =+EVALUACION!J21 -> 3 | K22: =+I22+J22 -> 5 | L22: =IF(K22<=4,"BAJO",IF(K22=5,"MEDIO",IF(K22=6,"ALTO",IF(K22=7,"ALTO","EXTREMO")))) -> MEDIO | M22: No | N22: Supervisor del contrato | O22: Ejecución Contractual | P22: Liquidación del contrato | Q22: Registro en la lista de verificación | R22: Finalizada la etapa de ejecución
C24: Categoria del Riesgo | H24: Impacto del Riesgo
B25: Probabilidad | C25: Catagoria | F25: Valoración | H25: Categoria | J25: Valoración | N25: Categoria del Riesgo
C26: Raro (puede ocurrir excepcionalmente) | F26: 1 | H26: Insignificante | J26: 1 | N26: Valoración del Riesgo | P26: Categoría
C27: Improbable (puede ocurrir ocasionalmente) | F27: 2 | H27: Menor | J27: 2 | N27: 8, 9 y 10 | P27: Riesgo extremo
C28: Posible (puede ocurrir en cualquier momento futuro) | F28: 3 | H28: Moderado | J28: 3 | N28: 6 y 7 | P28: Riesgo alto
C29: Probable (probablemente va a ocurrir) | F29: 4 | H29: Mayor | J29: 4 | N29: 5 | P29: Riesgo medio
C30: Casi cierto (ocurre en la mayoria de circunstancias) | F30: 5 | H30: Catastrófico | J30: 5 | N30: 2, 3 y 4 | P30: Riesgo bajo
C32: Valoración del Riesgo
C33: Calificación Cualitativa | G33: Obstruye la ejecución del contrato de manera intrascendente. | I33: Dificulta la ejecución del contrato de manera baja, aplicando medidas mínimas se pueden lograr el objeto contractual | L33: Afecta la ejecución del contrato sin alterar el beneficio para las partes | N33: Obstruye la ejecución del contrato sustancialmente pero aun así permite la consecución del objeto contractual | P33: Perturba la ejecución del contrato de manera grave imposibilitando la consecución del objeto contractual.
C34: Calificación Monetaria | G34: Los sobrecostos no representan más del uno por ciento (1%) del valor del contrato. | I34: Los sobrecostos no representan más del cinco por ciento (5%) del valor del contrato. | L34: Genera un impacto sobre el valor del contrato entre el cinco (5%) y el quince por ciento (15%). | N34: Incrementa el valor del contrato entre el quince (15%) y el treinta por ciento (30%). | P34: Impacto sobre el valor del contrato en más del treinta por ciento (30%).
C35: Catagoria | F35: Valoración | G35: Insignificante | I35: Menor | L35: Moderado | N35: Mayor | P35: Catastrófico
G36: 1 | I36: 2 | L36: 3 | N36: 4 | P36: 5
C37: Raro (puede ocurrir excepcionalmente) | F37: 1 | G37: 2 | I37: 3 | L37: 4 | N37: 5 | P37: 6
C38: Improbable (puede ocurrir ocasionalmente) | F38: 2 | G38: 3 | I38: 4 | L38: 5 | N38: 6 | P38: 7
C39: Posible (puede ocurrir en cualquier momento futuro) | F39: 3 | G39: 4 | I39: 5 | L39: 6 | N39: 7 | P39: 8
C40: Probable (probablemente va a ocurrir) | F40: 4 | G40: 5 | I40: 6 | L40: 7 | N40: 8 | P40: 9
C41: Casi cierto (ocurre en la mayoria de circunstancias) | F41: 5 | G41: 6 | I41: 7 | L41: 8 | N41: 9 | P41: 10

Sheet ASIGNACION Y TRATAMIENTO
C2: MATRIZ DE RIESGOS DE CONTRATACIÓN | W2: Código: GCO-GCI-F164 Versión: 02 Vigencia: 01 de diciembre de 2022 Caso HOLA: 280117
B6: =+EVALUACION!B6 -> Objeto Contractual: “PRESTAR EL SERVICIO DE MANTENIMIENTO Y RECARGA DE EXTINTORES PARA LAS INSTALACIONES DE PROPIEDAD O BAJO TENENCIA DEL FONDO DE DESARROLLO LOCAL DE LA CANDELARIA”
B7: Esta matriz es un documento anexo del Estudio Previo
B10: No | C10: Descripción (Que puede pasar y, cómo puede ocurrir) | D10: Etapa | E10: Clase | F10: Fuente | G10: Consecuencias de la ocurrencia del evento | H10: Probabilidad | I10: Impacto | J10: Calificación total | K10: Prioridad | L10: ¿A quien se le asigna? | M10: % | N10: Tratamiento/Controles a ser implementados | O10: Probabilidad | P10: Impacto | Q10: Calificación total | R10: Prioridad | S10: ¿Afecta el equilibrio económico del contrato? | T10: Persona responsable por implementar el tratamiento | U10: Fecha estimada en que se inicia el tratamiento | V10: Fecha estimada en que se completa el tratamiento | W10: ¿Cómo se realiza el monitoreo | X10: Periodicidad ¿Cuándo?
B11: 1 | C11: =+'EVALUACION CON CONTROLES'!C13:F13 -> Retraso en la suscripción del contrato | D11: =+'EVALUACION CON CONTROLES'!B13 -> PLANEACIÓN | E11: =VLOOKUP(B11,'IDENTIFICACION Y ANALISIS'!$A$19:$F$36,4,FALSE) -> General | F11: =VLOOKUP(B11,'IDENTIFICACION Y ANALISIS'!$A$19:$F$36,5,FALSE) -> Interno | G11: =+EVALUACION!H12 -> Demora en la suscripción y legalización del contrato, así como la afectación en la ejecución de las actividades. | H11: =+EVALUACION!I12 -> 1 | I11: =+EVALUACION!J12 -> 1 | J11: =+EVALUACION!K12 -> 2 | K11: =+EVALUACION!L12 -> BAJO | L11: SDG | N11: =+'EVALUACION CON CONTROLES'!G13 -> ETAPA PLANEACIÓN:Aplicación de los procedimientos de contratación y construir agenda oportuna para la revisión de los mismos y aclaración de dudas. | O11: =+'EVALUACION CON CONTROLES'!I13 -> 1 | P11: =+'EVALUACION CON CONTROLES'!J13 -> 1 | Q11: =+'EVALUACION CON CONTROLES'!K13 -> 2 | R11: =+'EVALUACION CON CONTROLES'!L13 -> BAJO | S11: =+'EVALUACION CON CONTROLES'!M13 -> Eventualmente | T11: =+'EVALUACION CON CONTROLES'!N13 -> Grupo Formulación | U11: =+'EVALUACION CON CONTROLES'!O13 -> Inicio etapa precontractual | V11: =+'EVALUACION CON CONTROLES'!P13 -> Finalización etapa precontractual | ... X11: =+'EVALUACION CON CONTROLES'!R13 -> Finalizada la etapa de planeación
B12: 2 | C12: =+'EVALUACION CON CONTROLES'!C14:F14 -> Demoras en la ejecución del contrato | D12: =+'EVALUACION CON CONTROLES'!B14 -> PLANEACIÓN | E12: =VLOOKUP(B12,'IDENTIFICACION Y ANALISIS'!$A$19:$F$36,4,FALSE) -> General | F12: =VLOOKUP(B12,'IDENTIFICACION Y ANALISIS'!$A$19:$F$36,5,FALSE) -> Interno | G12: =+EVALUACION!H13 -> Atraso en la ejecución de las actividades asociadas al contrato Reprocesos para la entidad | H12: =+EVALUACION!I13 -> 1 | I12: =+EVALUACION!J13 -> 2 | J12: =+EVALUACION!K13 -> 3 | K12: =+EVALUACION!L13 -> BAJO | L12: SDG | N12: =+'EVALUACION CON CONTROLES'!G14 -> ETAPA PLANEACION: Verificación y seguimiento a las actividades relacionadas con la ejecución del contrato. . Conocimiento de los procesos, aplicativos y funciones de la dependencia. | O12: =+'EVALUACION CON CONTROLES'!I14 -> 3 | P12: =+'EVALUACION CON CONTROLES'!J14 -> 1 | Q12: =+'EVALUACION CON CONTROLES'!K14 -> 4 | R12: =+'EVALUACION CON CONTROLES'!L14 -> BAJO | S12: =+'EVALUACION CON CONTROLES'!M14 -> No | T12: =+'EVALUACION CON CONTROLES'!N14 -> Grupo de Contratos | U12: =+'EVALUACION CON CONTROLES'!O14 -> Inicio etapa precontractual | V12: =+'EVALUACION CON CONTROLES'!P14 -> Finalización etapa precontractual | ... X12: =+'EVALUACION CON CONTROLES'!R14 -> Finalizada la etapa de contratación
B13: 3 | C13: =+'EVALUACION CON CONTROLES'!C15:F15 -> Inadecuada evaluación de las ofertas y/o verificación de requisitos habilitantesNo publicación de la documentación del proceso de selección en el SECOP | D13: =+'EVALUACION CON CONTROLES'!B15 -> SELECCIÓN | E13: =VLOOKUP(B13,'IDENTIFICACION Y ANALISIS'!$A$19:$F$36,4,FALSE) -> Especifico | F13: =VLOOKUP(B13,'IDENTIFICACION Y ANALISIS'!$A$19:$F$36,5,FALSE) -> Interno | G13: =+EVALUACION!H14 -> Retraso o incumplimiento de los plazos legales para la publicación de los actos y/o documentos derivados de los procesos contractuales | H13: =+EVALUACION!I14 -> 2 | I13: =+EVALUACION!J14 -> 2 | J13: =+EVALUACION!K14 -> 4 | K13: =+EVALUACION!L14 -> BAJO | L13: SDG | N13: =+'EVALUACION CON CONTROLES'!G15 -> ETAPA SELECCION: hacer seguimiento a la publicación de los documentos de forma efectiva y en tiempos | O13: =+'EVALUACION CON CONTROLES'!I15 -> 2 | P13: =+'EVALUACION CON CONTROLES'!J15 -> 2 | Q13: =+'EVALUACION CON CONTROLES'!K15 -> 4 | R13: =+'EVALUACION CON CONTROLES'!L15 -> BAJO | S13: =+'EVALUACION CON CONTROLES'!M15 -> No | T13: =+'EVALUACION CON CONTROLES'!N15 -> Grupo Formulación | U13: =+'EVALUACION CON CONTROLES'!O15 -> Inicio etapa precontractual | V13: =+'EVALUACION CON CONTROLES'!P15 -> Finalización etapa precontractual | ... X13: =+'EVALUACION CON CONTROLES'!R15 -> Finalizada la etapa de ejecución
B14: 4 | C14: =+'EVALUACION CON CONTROLES'!C16:F16 -> Alteraciones al orden público y condiciones climáticas | D14: =+'EVALUACION CON CONTROLES'!B16 -> SELECCIÓN | E14: =VLOOKUP(B14,'IDENTIFICACION Y ANALISIS'!$A$19:$F$36,4,FALSE) -> General | F14: =VLOOKUP(B14,'IDENTIFICACION Y ANALISIS'!$A$19:$F$36,5,FALSE) -> Interno | G14: =+EVALUACION!H15 -> Demoras en el cumplimiento de las obligaciones del contrato o cancelación de los eventos | H14: =+EVALUACION!I15 -> 1 | I14: =+EVALUACION!J15 -> 3 | J14: =+EVALUACION!K15 -> 4 | K14: =+EVALUACION!L15 -> BAJO | L14: SDG | N14: =+'EVALUACION CON CONTROLES'!G16 -> ETAPA SELECCIÓN: Acordar las medidas con el Supervisor para implementar acciones y las estrategias con el fin de que se ejecuten las actividades exigidas | O14: =+'EVALUACION CON CONTROLES'!I16 -> 1 | P14: =+'EVALUACION CON CONTROLES'!J16 -> 2 | Q14: =+'EVALUACION CON CONTROLES'!K16 -> 3 | R14: =+'EVALUACION CON CONTROLES'!L16 -> BAJO | S14: =+'EVALUACION CON CONTROLES'!M16 -> No | T14: =+'EVALUACION CON CONTROLES'!N16 -> Grupo de Contratos | U14: =+'EVALUACION CON CONTROLES'!O16 -> Inicio etapa precontractual | V14: =+'EVALUACION CON CONTROLES'!P16 -> Finalización etapa precontractual | ... X14: =+'EVALUACION CON CONTROLES'!R16 -> Finalizada la etapa de ejecución
B15: 5 | C15: Existencia de condiciones climáticas, ambientales, adversas y/o precipitación fuera de lo común que generen retraso, dificultad o imposibilidad de ejecutar actividades en el marco del Contrato | D15: =+'EVALUACION CON CONTROLES'!B17 -> SELECCIÓN | E15: =VLOOKUP(B15,'IDENTIFICACION Y ANALISIS'!$A$19:$F$36,4,FALSE) -> Especifico | F15: =VLOOKUP(B15,'IDENTIFICACION Y ANALISIS'!$A$19:$F$36,5,FALSE) -> Externo | G15: Posibles retrasos en la ejecución de actividades del contrato | H15: =+EVALUACION!I16 -> 2 | I15: =+EVALUACION!J16 -> 4 | J15: =+EVALUACION!K16 -> 6 | K15: =+EVALUACION!L16 -> ALTO | L15: CONTRATISTA Y SDG | N15: =+'EVALUACION CON CONTROLES'!G17 -> ETAPA SELECCIÓN Reprogramación o suspensiones en el evento de imposibilidad de la Ejecución. Implementación de carpas o elementos o sistemas cubiertos que permitan y garanticen la ejecución de actividades bajo "techo", sin que ello genere mayores costos | O15: =+'EVALUACION CON CONTROLES'!I17 -> 1 | P15: =+'EVALUACION CON CONTROLES'!J17 -> 2 | Q15: =+'EVALUACION CON CONTROLES'!K17 -> 3 | R15: =+'EVALUACION CON CONTROLES'!L17 -> BAJO | S15: =+'EVALUACION CON CONTROLES'!M17 -> No | T15: =+'EVALUACION CON CONTROLES'!N17 -> Grupo Contratos | U15: =+'EVALUACION CON CONTROLES'!O17 -> Inicio etapa precontractual | V15: =+'EVALUACION CON CONTROLES'!P17 -> Finalización etapa precontractual | ... X15: =+'EVALUACION CON CONTROLES'!R17 -> Finalizada la etapa de ejecución
B16: 6 | C16: =+'EVALUACION CON CONTROLES'!C18:F18 -> Se presenta cuando el contratista Seleccionado no firma el contrato en el plazo establecido y/o se retrasa en la constitución y presentación de las garantías que amparan el cumplimiento del contrato. | D16: =+'EVALUACION CON CONTROLES'!B18 -> CONTRATACIÓN | E16: =VLOOKUP(B16,'IDENTIFICACION Y ANALISIS'!$A$19:$F$36,4,FALSE) -> General | F16: =VLOOKUP(B16,'IDENTIFICACION Y ANALISIS'!$A$19:$F$36,5,FALSE) -> Interno | G16: =+EVALUACION!H17 -> Retraso en el inicio de la ejecución del contrato y afectación en el logro de los objetivos y satisfacción de la necesidad propuesta. | H16: =+EVALUACION!I17 -> 2 | I16: =+EVALUACION!J17 -> 3 | J16: =+EVALUACION!K17 -> 5 | K16: =+EVALUACION!L17 -> MEDIO | L16: SDG | N16: =+'EVALUACION CON CONTROLES'!G18 -> ETAPA EJECUCIÓN: Revisión y aprobación oportuna de la documentación inherente a los productos e informes del contrato. | O16: =+'EVALUACION CON CONTROLES'!I18 -> 2 | P16: =+'EVALUACION CON CONTROLES'!J18 -> 2 | Q16: =+'EVALUACION CON CONTROLES'!K18 -> 4 | R16: =+'EVALUACION CON CONTROLES'!L18 -> BAJO | S16: =+'EVALUACION CON CONTROLES'!M18 -> No | T16: =+'EVALUACION CON CONTROLES'!N18 -> Supervisor del contrato | U16: =+'EVALUACION CON CONTROLES'!O18 -> Ejecución contractual | V16: =+'EVALUACION CON CONTROLES'!P18 -> Finalización etapa ejecución | ... X16: =+'EVALUACION CON CONTROLES'!R18 -> Finalizada la etapa de ejecución
B17: 7 | C17: =+'EVALUACION CON CONTROLES'!C19:F19 -> Riesgo por existencias insuficientes de los componentes, partes o equipos necesarios para dar cumplimiento al objeto contractual | D17: =+'EVALUACION CON CONTROLES'!B19 -> CONTRATACIÓN | E17: =VLOOKUP(C17,'IDENTIFICACION Y ANALISIS'!$B$19:$F$36,3,FALSE) -> Especifico | F17: =VLOOKUP(B17,'IDENTIFICACION Y ANALISIS'!$A$19:$F$36,5,FALSE) -> Interno | G17: =+EVALUACION!H18 -> Afecta el cumplimiento de las obligaciones del contratista que puede generar una prórroga, que dada la naturaleza del contrato a celebrar es poco probable pues se requieren insumos de bastante oferta en el mercado | H17: =+EVALUACION!I18 -> 1 | I17: =+EVALUACION!J18 -> 3 | J17: =+EVALUACION!K18 -> 4 | K17: =+EVALUACION!L18 -> BAJO | L17: CONTRATISTA | N17: =+'EVALUACION CON CONTROLES'!G19 -> ETAPA CONTRATACION: Aplicación de controles, el supervisor del contrato verificará al inicio de la ejecución contractual que el contratista cuente con los elementos requeridos para la ejecución del contrato. | O17: =+'EVALUACION CON CONTROLES'!I19 -> 1 | P17: =+'EVALUACION CON CONTROLES'!J19 -> 2 | Q17: =+'EVALUACION CON CONTROLES'!K19 -> 3 | R17: =+'EVALUACION CON CONTROLES'!L19 -> BAJO | S17: =+'EVALUACION CON CONTROLES'!M19 -> No | T17: =+'EVALUACION CON CONTROLES'!N19 -> Supervisor del contrato | U17: =+'EVALUACION CON CONTROLES'!O19 -> Ejecución Contractual | V17: =+'EVALUACION CON CONTROLES'!P19 -> Liquidación del contrato | ... X17: =+'EVALUACION CON CONTROLES'!R19 -> Finalizada la etapa de ejecución
B18: 8 | C18: =+'EVALUACION CON CONTROLES'!C20:F20 -> Cuando se presentan demoras por parte del contratista en las entregas de productos y/o informes. | D18: =+'EVALUACION CON CONTROLES'!B20 -> EJECUCIÓN | E18: =VLOOKUP(C18,'IDENTIFICACION Y ANALISIS'!$B$19:$F$36,3,FALSE) -> General | F18: =VLOOKUP(B18,'IDENTIFICACION Y ANALISIS'!$A$19:$F$36,5,FALSE) -> Externo | G18: =+EVALUACION!H19 -> Afecta el cumplimiento de las obligaciones del contratista. Puede generar sanciones y prórrogas | H18: =+EVALUACION!I19 -> 3 | I18: =+EVALUACION!J19 -> 3 | J18: =+EVALUACION!K19 -> 6 | K18: =+EVALUACION!L19 -> ALTO | L18: CONTRATISTA | N18: =+'EVALUACION CON CONTROLES'!G20 -> ETAPA EJECUCION: Aplicación inmediata de los procedimientos para evitar la paralización del contrato y en caso de ser procedente la aplicación de las sanciones correspondientes | O18: =+'EVALUACION CON CONTROLES'!I20 -> 2 | P18: =+'EVALUACION CON CONTROLES'!J20 -> 3 | Q18: =+'EVALUACION CON CONTROLES'!K20 -> 5 | R18: =+'EVALUACION CON CONTROLES'!L20 -> MEDIO | S18: =+'EVALUACION CON CONTROLES'!M20 -> No | T18: =+'EVALUACION CON CONTROLES'!N20 -> Supervisor del contrato | U18: =+'EVALUACION CON CONTROLES'!O20 -> Ejecución contractual | V18: =+'EVALUACION CON CONTROLES'!P20 -> Finalización etapa de ejecución | ... X18: =+'EVALUACION CON CONTROLES'!R20 -> Finalizada la etapa de ejecución
B19: 9 | C19: =+'EVALUACION CON CONTROLES'!C21:F21 -> Cuando se presentan demoras por parte de la Entidad en las aprobaciones previas de los productos y/o servicios desarrollados por el contratista. | D19: =+'EVALUACION CON CONTROLES'!B21 -> EJECUCIÓN | E19: =VLOOKUP(C19,'IDENTIFICACION Y ANALISIS'!$B$19:$F$36,3,FALSE) -> General | F19: =VLOOKUP(B19,'IDENTIFICACION Y ANALISIS'!$A$19:$F$36,5,FALSE) -> Interno | G19: =+EVALUACION!H20 -> Afecta el cumplimiento de las obligaciones del contratante a cargo del Supervisor del contrato, relacionadas con la aprobación de productos y/o informes. Puede generar prórrogas | H19: =+EVALUACION!I20 -> 2 | I19: =+EVALUACION!J20 -> 2 | J19: =+EVALUACION!K20 -> 4 | K19: =+EVALUACION!L20 -> BAJO | L19: SDG | N19: =+'EVALUACION CON CONTROLES'!G21 -> ETAPA EJECUCIÓN: Revisión y aprobación oportuna de la documentación inherente a los productos e informes del contrato. | O19: =+'EVALUACION CON CONTROLES'!I21 -> 2 | P19: =+'EVALUACION CON CONTROLES'!J21 -> 2 | Q19: =+'EVALUACION CON CONTROLES'!K21 -> 4 | R19: =+'EVALUACION CON CONTROLES'!L21 -> BAJO | S19: =+'EVALUACION CON CONTROLES'!M21 -> No | T19: =+'EVALUACION CON CONTROLES'!N21 -> Supervisor del contrato | U19: =+'EVALUACION CON CONTROLES'!O21 -> Ejecución contractual | V19: =+'EVALUACION CON CONTROLES'!P21 -> Finalización etapa ejecución | ... X19: =+'EVALUACION CON CONTROLES'!R21 -> Finalizada la etapa de ejecución
B20: 10 | C20: =+'EVALUACION CON CONTROLES'!C22:F22 -> Riesgo por mala calidad de los bienes y servicios suministrados a la entidad para la ejecución del contrato | D20: =+'EVALUACION CON CONTROLES'!B22 -> EJECUCIÓN | E20: =VLOOKUP(C20,'IDENTIFICACION Y ANALISIS'!$B$19:$F$36,3,FALSE) -> Especifico | F20: =VLOOKUP(C20,'IDENTIFICACION Y ANALISIS'!$B$19:$F$36,4,FALSE) -> Externo | G20: =+EVALUACION!H21 -> Afecta el cumplimiento del fin de la contratación. | H20: =+EVALUACION!I21 -> 3 | I20: =+EVALUACION!J21 -> 3 | J20: =+EVALUACION!K21 -> 6 | K20: =+EVALUACION!L21 -> ALTO | L20: CONTRATISTA | N20: =+'EVALUACION CON CONTROLES'!G22 -> ETAPA CONTRATACION: Aplicación de control por el supervisor durante la ejecución del contrato, para verificar la calidad y certificado del quimico original. Verificar que el contratista deberá realizar bajo las normas Técnicas NFPA 10 y la norma Técnica Colombiana NTC. | O20: =+'EVALUACION CON CONTROLES'!I22 -> 2 | P20: =+'EVALUACION CON CONTROLES'!J22 -> 3 | Q20: =+'EVALUACION CON CONTROLES'!K22 -> 5 | R20: =+'EVALUACION CON CONTROLES'!L22 -> MEDIO | S20: =+'EVALUACION CON CONTROLES'!M22 -> No | T20: =+'EVALUACION CON CONTROLES'!N22 -> Supervisor del contrato | U20: =+'EVALUACION CON CONTROLES'!O22 -> Ejecución Contractual | V20: =+'EVALUACION CON CONTROLES'!P22 -> Liquidación del contrato | ... X20: =+'EVALUACION CON CONTROLES'!R22 -> Finalizada la etapa de ejecución
F21: Categoria | J21: Impacto del Riesgo
E22: Probabilidad | F22: Catagoria | G22: Valoración | J22: Categoria | L22: Valoración
F23: Raro (puede ocurrir excepcionalmente) | G23: 1 | J23: Insignificante | L23: 1
F24: Improbable (puede ocurrir ocasionalmente) | G24: 2 | J24: Menor | L24: 2
F25: Posible (puede ocurrir en cualquier momento futuro) | G25: 3 | J25: Moderado | L25: 3
F26: Probable (probablemente va a ocurrir) | G26: 4 | J26: Mayor | L26: 4
F27: Casi cierto (ocurre en la mayoria de circunstancias) | G27: 5 | J27: Catastrófico | L27: 5
D28: Valoración del Riesgo
D29: Catagoria | E29: Valoración | F29: Insignificante | H29: Menor | J29: Moderado | K29: Mayor | L29: Catastrófico | P29: Categoria del Riesgo
F30: 1 | H30: 2 | J30: 3 | K30: 4 | L30: 5 | P30: Valoración del Riesgo | S30: Categoría
D31: Raro (puede ocurrir excepcionalmente) | E31: 1 | F31: 2 | H31: 3 | J31: 4 | K31: 5 | L31: 6 | P31: 8, 9 y 10 | S31: Riesgo extremo
D32: Improbable (puede ocurrir ocasionalmente) | E32: 2 | F32: 3 | H32: 4 | J32: 5 | K32: 6 | L32: 7 | P32: 6 y 7 | S32: Riesgo alto
D33: Posible (puede ocurrir en cualquier momento futuro) | E33: 3 | F33: 4 | H33: 5 | J33: 6 | K33: 7 | L33: 8 | P33: 5 | S33: Riesgo medio
D34: Probable (probablemente va a ocurrir) | E34: 4 | F34: 5 | H34: 6 | J34: 7 | K34: 8 | L34: 9 | P34: 2, 3 y 4 | S34: Riesgo bajo
D35: Casi cierto (ocurre en la mayoria de circunstancias) | E35: 5 | F35: 6 | H35: 7 | J35: 8 | K35: 9 | L35: 10
B37: Elaboró: Luis Alfredo Zamudio Pulido – Profesional Universitario 219-18 Revisó Comp. Jurídico: Eliana Romero Stevenson – Abogada Contratista FDLC Aprobó Comp. Jurídico: Javier Albeiro Hernández – Abogado Profesional Universitario código 219 grado 18
